 Dungeon Crawl Stone Soup version 0.23.2 (webtiles) character file.

Game seed: 14453081324077694528

2083 cklessthan3 the Magician (level 9, -5/69 HPs)
             Began as a Gnoll Skald on Apr 2, 2019.
             Was a Follower of Hepliaklqana.
             Slain by an ogre
             ... wielding a +4 dire flail
              (8 damage)
             ... on level 6 of the Dungeon.
             The game lasted 00:25:47 (5607 turns).

cklessthan3 the Magician (Gnoll Skald)              Turns: 5607, Time: 00:25:48

Health: -5/69      AC: 11    Str: 16    XL:     9   Next: 27%
Magic:  14/18      EV: 11    Int: 16    God:    Hepliaklqana [*.....]
Gold:   359        SH: 13    Dex: 15    Spells: 18/21 levels left

rFire    . . .     SeeInvis .   a - +2 mace
rCold    . . .     Gourm    .   p - +0 large shield
rNeg     . . .     Faith    .   c - +1 scale mail
rPois    .         Spirit   .   q - +2 helmet
rElec    .         Reflect  .   (no cloak)
rCorr    .         Harm     .   (no gloves)
MR       .....                  (no boots)
Stlth    +.........             (no amulet)
HPRegen  0.21/turn              A - +2 ring of evasion
MPRegen  0.16/turn              E - +2 ring of slaying

@: lethally poisoned (-5 -> -18), infused (expiring)
A: distributed training, reduced essence, fangs 1, mutation resistance 1, robust
1, strong nose
a: Recall Ancestor, Ancestor Identity, Renounce Religion


You were on level 6 of the Dungeon.
You worshipped Hepliaklqana.
Hepliaklqana was aware of your devotion.
You were not hungry.

You visited 1 branch of the dungeon, and saw 6 of its levels.

You collected 359 gold pieces.

Inventory:

Hand Weapons
 a - a +2 mace (weapon)
 b - a +0 hunting sling
 D - a +2 dagger of chaos
Missiles
 k - 164 stones (quivered)
 G - 41 sling bullets
Armour
 c - a +1 scale mail (worn)
 p - a +0 large shield (worn)
 q - a +2 helmet (worn)
 y - a +0 helmet
Jewellery
 e - a cursed ring of teleportation
 l - an uncursed ring of wizardry
 m - an uncursed ring of magical power
 v - an uncursed ring of poison resistance {unknown}
 A - a +2 ring of evasion (left hand)
 E - a +2 ring of slaying (right hand)
Wands
 w - a wand of random effects (21)
Scrolls
 f - a scroll of remove curse
 g - a scroll of amnesia {unknown}
 n - 3 scrolls of immolation {unknown}
 t - a scroll of blinking {unknown}
 u - 3 scrolls of teleportation {unknown}
 z - a scroll of fog {unknown}
 F - a scroll of acquirement {unknown}
Potions
 h - 2 potions of mutation
 i - 3 potions of curing
 j - 4 potions of heal wounds {unknown}
 o - a potion of ambrosia {unknown}
 r - 3 potions of invisibility {unknown}
 s - 3 potions of haste {unknown}
 x - a potion of agility {unknown}
 B - 2 potions of flight {unknown}
 C - 3 potions of might {unknown}
Comestibles
 d - 8 rations


   Skills:
 + Level 6.1 Fighting
 + Level 4.0 Short Blades
 + Level 4.0 Long Blades
 + Level 4.0 Axes
 + Level 6.1 Maces & Flails
 + Level 4.0 Polearms
 + Level 4.0 Staves
 + Level 4.0 Slings
 + Level 4.0 Bows
 + Level 4.0 Crossbows
 + Level 4.0 Throwing
 + Level 4.8 Armour
 + Level 6.1 Dodging
 + Level 4.0 Stealth
 + Level 4.0 Shields
 + Level 4.0 Unarmed Combat
 + Level 6.5 Spellcasting
 + Level 3.3 Conjurations
 + Level 3.3 Hexes
 + Level 6.4 Charms
 + Level 3.3 Summonings
 + Level 3.3 Necromancy
 + Level 3.3 Translocations
 + Level 3.3 Transmutations
 + Level 3.3 Fire Magic
 + Level 3.3 Ice Magic
 + Level 3.3 Air Magic
 + Level 3.3 Earth Magic
 + Level 3.3 Poison Magic
 + Level 4.4 Invocations
 + Level 4.0 Evocations


You had 18 spell levels left.
You knew the following spells:

 Your Spells              Type           Power        Failure   Level  Hunger
a - Infusion              Chrm           ####         43%         1    None
b - Song of Slaying       Chrm           ####....     56%         2    None

Your spell library contained the following spells:

 Spells                   Type           Power        Failure   Level  Hunger
 Shroud of Golubria       Chrm/Tloc      ###.......   80%         2    None
 Magic Dart               Conj           ###.         86%         1    None
 Blink                    Tloc           N/A          95%         2    None
 Call Imp                 Summ           ###.....     95%         2    None
 Slow                     Hex            ###.....     95%         2    None
 Regeneration             Chrm/Necr      ###.......   95%         3    ##.....
 Spectral Weapon          Hex/Chrm       ###.....     95%         3    ##.....
 Conjure Flame            Conj/Fire      ###.....     99%         3    ##.....
 Mephitic Cloud           Conj/Pois/Air  ###.....     99%         3    ##.....


Dungeon Overview and Level Annotations

Branches:
Dungeon (6/15)
 Temple: D:4-7

Altars:
Hepliaklqana
Makhleb
Vehumet
Xom

Annotations:
D:6 1 transporter, night's ghost, novice DrWz


Innate Abilities, Weirdness & Mutations

Your experience applies equally to all skills.
You have very sharp teeth.
Your uncanny sense of smell can sniff out nearby items.
Your life essence is reduced to manifest your ancestor. (-10% HP)
You are somewhat resistant to further mutation.
You are robust. (+10% HP)


Message History

The ogre is severely wounded.
You block the ogre's attack. x2; Pam Beesley hits night's ghost.
Night's ghost closely misses you.
The iron imp grinds its teeth.
The iron imp closely misses Pam Beesley.
The crimson imp hits Pam Beesley.
Your shield and scale mail prevent you from hitting the ogre.
The ogre is severely wounded.
Your magical infusion is running out.
You feel sick. You block night's ghost's attack.
Pam Beesley hits night's ghost.
The ogre hits you with a +4 dire flail.
* * * LOW HITPOINT WARNING * * *
The ogre barely misses you.
The iron imp closely misses Pam Beesley.
The crimson imp hits Pam Beesley.
Pam Beesley hits the crimson imp!
Night's ghost hits you.
* * * LOW HITPOINT WARNING * * *
You are lethally poisoned!
The ogre hits you with a +4 dire flail!
You die...

... #....#..........#....
##..#.................###
.....................##
.......©.©.........######
###############..........
##©...(($....#.....##...
######### #..##..(##.$#.......#..
........# #.#..#O#..#.#.....).(..
........# #.#..#@#..#.#.....#.#..
..<.....# #..##ORW##..#..........
........###....5©5....#.....#.###
..........#############.....#....
........###.#### #..####...#...
........# #....# ##.........##..
........# ####.####..######......
........# ####.##................
........###....[..#...........#..


You could see the friendly Pam Beesley the ancestor, 2 ogres, an iron imp,
night's ghost and a crimson imp.

Vanquished Creatures
  Sigmund (D:3)
  A sky beast (D:5)
  A black bear (D:6)
  An ice beast (D:6)
  A phantom (D:4)
  2 ogres (D:6)
  A big kobold (D:5)
  2 bullfrogs (D:6)
  Dowan (D:5)
  A crimson imp (D:6)
  A hound (D:5)
  An orc wizard (D:4)
  2 bullfrog skeletons (D:5)
  An iguana (D:5)
  4 worker ants
  A worker ant zombie (D:5)
  7 adders
  2 shadow imps (D:5)
  3 worms
  3 dart slugs
  3 leopard geckos (D:3)
  12 orcs
  3 giant cockroaches
  17 hobgoblins
  3 jackals (D:1)
  4 quokkas
  A ball python (D:4)
  9 bats
  7 frilled lizards
  12 goblins
  9 kobolds
  A quokka skeleton (D:3)
  8 rats
126 creatures vanquished.

Vanquished Creatures (collateral kills)
  Duvessa (D:5)
  A black bear (D:6)
  A necrophage (D:5)
  A centaur (D:6)
  An ogre (D:5)
  2 scorpions (D:6)
  2 crimson imps (D:5)
  An orc wizard (D:4)
  An iguana (D:4)
  3 worker ants
  3 adders
  A worm (D:4)
  5 orcs
  A giant cockroach (D:5)
  A kobold (D:5)
  A quokka zombie (D:6)
26 creatures vanquished.

Vanquished Creatures (others)
  An ancestor (D:4)
1 creature vanquished.

Grand Total: 153 creatures vanquished

Notes
Turn   | Place    | Note
-------+----------+-------------------------------------------
     0 | D:1      | cklessthan3 the Gnoll Skald began the quest for the Orb.
     0 | D:1      | Reached XP level 1. HP: 20/20 MP: 6/6
    50 | D:1      | Reached XP level 2. HP: 11/26 MP: 7/7
   825 | D:1      | Reached XP level 3. HP: 23/31 MP: 9/9
   870 | D:1      | Reached skill level 5 in Spellcasting
  1220 | D:2      | Reached skill level 1 in Invocations
  1359 | D:2      | Reached skill level 1 in Short Blades
  1359 | D:2      | Reached skill level 1 in Long Blades
  1359 | D:2      | Reached skill level 1 in Axes
  1359 | D:2      | Reached skill level 1 in Polearms
  1359 | D:2      | Reached skill level 1 in Staves
  1359 | D:2      | Reached skill level 1 in Slings
  1359 | D:2      | Reached skill level 1 in Bows
  1359 | D:2      | Reached skill level 1 in Crossbows
  1359 | D:2      | Reached skill level 1 in Throwing
  1359 | D:2      | Reached skill level 1 in Stealth
  1359 | D:2      | Reached skill level 1 in Shields
  1359 | D:2      | Reached skill level 1 in Unarmed Combat
  1359 | D:2      | Reached skill level 1 in Evocations
  1379 | D:2      | Reached XP level 4. HP: 28/38 MP: 11/11
  1940 | D:3      | Reached skill level 1 in Conjurations
  1940 | D:3      | Reached skill level 1 in Hexes
  1940 | D:3      | Reached skill level 1 in Summonings
  1940 | D:3      | Reached skill level 1 in Necromancy
  1940 | D:3      | Reached skill level 1 in Translocations
  1940 | D:3      | Reached skill level 1 in Transmutations
  1940 | D:3      | Reached skill level 1 in Fire Magic
  1940 | D:3      | Reached skill level 1 in Ice Magic
  1940 | D:3      | Reached skill level 1 in Air Magic
  1940 | D:3      | Reached skill level 1 in Earth Magic
  1940 | D:3      | Reached skill level 1 in Poison Magic
  2023 | D:3      | Found a radiant altar of Vehumet.
  2024 | D:3      | Noticed Sigmund
  2038 | D:3      | Killed Sigmund
  2038 | D:3      | Reached XP level 5. HP: 25/43 MP: 12/12
  2400 | D:3      | Learned a level 2 spell: Song of Slaying
  2421 | D:3      | Found a hazy altar of Hepliaklqana.
  2429 | D:3      | Became a worshipper of Hepliaklqana the Forgotten
  2807 | D:4      | Reached XP level 6. HP: 38/45 MP: 13/13
  2934 | D:4      | Noticed a phantom
  2974 | D:4      | Killed a phantom
  2974 | D:4      | Reached skill level 5 in Fighting
  2974 | D:4      | Reached skill level 5 in Maces & Flails
  2974 | D:4      | Reached skill level 5 in Dodging
  3431 | D:4      | Reached XP level 7. HP: 34/50 MP: 15/15
  3728 | D:4      | Reached * piety under Hepliaklqana
  3764 | D:5      | Entered Level 5 of the Dungeon
  3783 | D:5      | Noticed Dowan
  3784 | D:5      | Noticed Duvessa
  3797 | D:5      | Killed Duvessa
  3814 | D:5      | Killed Dowan
  4124 | D:5      | Reached XP level 8. HP: 36/56 MP: 16/16
  4955 | D:6      | Found a transporter.
  4955 | D:6      | Noticed night's ghost (novice DrWz)
  5050 | D:6      | Reached XP level 9. HP: 31/62 MP: 18/18
  5064 | D:6      | Found a burning altar of Makhleb.
  5066 | D:6      | Paralysed by a crimson imp for 6 turns
  5072 | D:6      | Found a shimmering altar of Xom.
  5589 | D:6      | Found a transporter.
  5604 | D:6      | Gained mutation: You are robust. (+10% HP) [potion of
                  | mutation]
  5604 | D:6      | Gained mutation: You are somewhat resistant to further
                  | mutation. [potion of mutation]
  5607 | D:6      | HP: 3/69 [night's ghost (5)]
  5607 | D:6      | Slain by an ogre

Skill      XL: |  1  2  3  4  5  6  7  8  9 |
---------------+----------------------------+-----
Spellcasting   | 5 6 |  6.5
Invocations    | 1 2 3 4 |  4.4
Short Blades   | 1 2 3 4 |  4.0
Long Blades    | 1 2 3 4 |  4.0
Axes           | 1 2 3 4 |  4.0
Polearms       | 1 2 3 4 |  4.0
Staves         | 1 2 3 4 |  4.0
Slings         | 1 2 3 4 |  4.0
Bows           | 1 2 3 4 |  4.0
Crossbows      | 1 2 3 4 |  4.0
Throwing       | 1 2 3 4 |  4.0
Stealth        | 1 2 3 4 |  4.0
Shields        | 1 2 3 4 |  4.0
Unarmed Combat | 1 2 3 4 |  4.0
Evocations     | 1 2 3 4 |  4.0
Conjurations   | 1 2 3 |  3.3
Hexes          | 1 2 3 |  3.3
Summonings     | 1 2 3 |  3.3
Necromancy     | 1 2 3 |  3.3
Translocations | 1 2 3 |  3.3
Transmutations | 1 2 3 |  3.3
Fire Magic     | 1 2 3 |  3.3
Ice Magic      | 1 2 3 |  3.3
Air Magic      | 1 2 3 |  3.3
Earth Magic    | 1 2 3 |  3.3
Poison Magic   | 1 2 3 |  3.3
Armour         | 3 4 |  4.8
Fighting       | 5 6 |  6.1
Maces & Flails | 5 6 |  6.1
Dodging        | 5 6 |  6.1
Charms         | 6 |  6.4

Action                   |  1- 3 |  4- 6 |  7- 9 || total
-------------------------+-------+-------+-------++-------
Melee: Mace              |   118 |   203 |   271 ||   592
       Bite              |     9 |    22 |    34 ||    65
       Punch             |       |     1 |       ||     1
 Cast: Infusion          |       |     2 |     2 ||     4
       Song of Slaying   |       |       |     1 ||     1
Invok: Recall Ancestor   |       |     1 |       ||     1
       Ancestor Identity |       |     1 |       ||     1
  Use: Scroll            |       |     7 |     3 ||    10
       Potion            |       |       |     2 ||     2
 Stab: Distracted        |       |       |     1 ||     1
       Sleeping          |       |       |     1 ||     1
  Eat: Ration            |     1 |     2 |     1 ||     4
       Chunk             |       |     2 |     1 ||     3
Armor: Scale mail        |    45 |    85 |   109 ||   239
Dodge: Dodged            |    60 |    75 |    78 ||   213
Block: Large shield      |       |   114 |   185 ||   299
